 Dungeon Crawl Stone Soup version 0.26-a0-307-g4e7fcc93f0 (webtiles) character file.

Game seed: 13116031821504973600

75 ANON1729 the Caller (level 4, -1/30 HPs)
             Began as a Human Summoner on July 15, 2020.
             Slain by Natasha (8 damage)
             ... on level 2 of the Dungeon.
             The game lasted 00:08:07 (3519 turns).

ANON1729 the Caller (Human Summoner)                Turns: 3519, Time: 00:08:07

Health: -1/30      AC:  2    Str:  8    XL:     4   Next: 55%
Magic:  1/8        EV: 13    Int: 16    God:
Gold:   46         SH:  0    Dex: 14    Spells: 7/8 levels left

rFire    . . .     SeeInvis .   (no weapon)
rCold    . . .     Faith    .   (no shield)
rNeg     . . .     Spirit   .   a - +0 robe
rPois    .         Reflect  .   (no helmet)
rElec    .         Harm     .   (no cloak)
rCorr    .                      (no gloves)
MR       .....                  (no boots)
Stlth    ++........             (no amulet)
HPRegen  0.10/turn              (no ring)
MPRegen  0.11/turn              (no ring)

@: brilliant, hasted and slowed
A: no striking features
a: no special abilities


You were on level 2 of the Dungeon.
You visited 1 branch of the dungeon, and saw 2 of its levels.

You collected 46 gold pieces.

Inventory:

Armour
 a - a +0 robe (worn)
 b - a +0 kite shield
 f - a cursed +0 buckler
Scrolls
 c - 2 scrolls of teleportation {unknown}
 e - 2 scrolls of identify {unknown}
 h - a scroll of remove curse {unknown}
 i - 2 scrolls of fear {unknown}
 j - a scroll of fog {unknown}
 k - a scroll of blinking {unknown}


   Skills:
 + Level 2.7 Dodging
 + Level 2.9 Stealth
 + Level 2.6 Spellcasting
 + Level 4.4 Summonings


You had 7 spell levels left.
You knew the following spells:

 Your Spells              Type           Power        Failure   Level
a - Summon Small Mammal   Summ           ###.         3%          1

Your spell library contained the following spells:

 Spells                   Type           Power        Failure   Level
 Call Imp                 Summ           ###.....     4%          2
 Call Canine Familiar     Summ           ###.....     10%         3
 Summon Guardian Golem    Hex/Summ       ##......     24%         3
 Summon Ice Beast         Ice/Summ       ##......     61%         4
 Summon Lightning Spire   Summ/Air       ##......     61%         4


Dungeon Overview and Level Annotations

Branches:
Dungeon (2/15)

Altars:

Annotations:
D:2 Natasha


Message History

You feel a surge of power!
Nothing appears to happen.
The crimson imp closely misses you.
Your rat bites the crimson imp.
The crimson imp blinks!
Your quokka bites the crimson imp.
You hit Natasha but do no damage.
Natasha is severely wounded.
Natasha barely misses you. The crimson imp closely misses you.
Your rat closely misses the crimson imp.
Unknown command.
You closely miss Natasha.
Natasha is severely wounded.
Your quokka barely misses the crimson imp.
The crimson imp hits your quokka but does no damage.
Natasha stares at you and mumbles some strange words.
You feel yourself slow down.
The crimson imp blinks!
Unknown command.
Casting: Summon Small Mammal (safe; 3% risk of failure)
Confirm with . or Enter, or press ? or * to list all spells.
You feel a surge of power!
Your quokka misses the crimson imp.
The crimson imp blinks!
Natasha claws you!
You die...

######## #....rg.
############# #.######
#..r.r@hr5..####>......
#5#########.#......##.#
#5#.....h<#.#......##.#
#h#.#######.#......##.#
##'#.........#......##.#
#........h####..)...##.#
#.......b.'..'......'..#
#.........####......####
#.....(.).# ########


You could see Natasha, 2 crimson imps, 2 friendly quokkas and a friendly rat
(summoned).

Vanquished Creatures
  A gnoll (D:2)
  An adder (D:2)
  A dart slug (D:1)
  A bat (D:1)
  A frilled lizard (D:2)
5 creatures vanquished.

Vanquished Creatures (collateral kills)
  5 gnolls (D:2)
  3 adders (D:2)
  An ooze (D:1)
  A worm (D:2)
  A dart slug (D:2)
  A giant cockroach (D:2)
  3 jackals (D:2)
  2 quokkas (D:2)
  3 bats
  3 frilled lizards (D:2)
  3 kobolds (D:2)
  3 rats (D:1)
29 creatures vanquished.

Grand Total: 34 creatures vanquished

Notes
Turn   | Place    | Note
-------+----------+-------------------------------------------
     0 | D:1      | ANON1729 the Human Summoner began the quest for the Orb.
     0 | D:1      | Reached XP level 1. HP: 13/13 MP: 3/3
   636 | D:1      | Reached XP level 2. HP: 19/19 MP: 0/5
  1874 | D:2      | Reached XP level 3. HP: 22/24 MP: 1/6
  2612 | D:2      | Reached XP level 4. HP: 30/30 MP: 2/7
  3131 | D:2      | Noticed Natasha
  3519 | D:2      | Slain by Natasha

Illustrated notes

Levels and vault maps discovered:
D:1:      dpeg_arrival_round_a, layout_basic
D:2:      layout_basic, uniq_natasha

Action                   |  1- 3 |  4- 6 || total
-------------------------+-------+-------++-------
Melee: Unarmed           |    70 |    18 ||    88
 Cast: Summon Small Mamm |    78 |    43 ||   121
  Use: Potion            |     3 |     2 ||     5
 Stab: Distracted        |     2 |       ||     2
       Sleeping          |     1 |       ||     1
Armor: Robe              |    26 |     1 ||    27
Dodge: Dodged            |    77 |    36 ||   113

Table legend:
 A = Non-vault XP
 B = Vault XP
 C = Vault XP percentage of total XP
 D = Non-vault monster count
 E = Vault monster count
 F = Vault count percentage of total count
                 A         B        C        D         E       F
            +---------+---------+-------+---------+---------+-------
      Total |     108 |       0 |   0.0 |      34 |       0 |   0.0
            +---------+---------+-------+---------+---------+-------
        D:1 |      12 |       0 |   0.0 |       7 |       0 |   0.0
        D:2 |      96 |       0 |   0.0 |      27 |       0 |   0.0
            +---------+---------+-------+---------+---------+-------
